Unix NetHack Version 5.0.0-0 post-release - last build May 23 2026 06:08:33 (1c0ff79ee797540d5714e4e18072db0edd9e58ae,branch:main).

Game began 2026-05-29 11:45:24, ended 2026-05-29 12:16:00.

FutureTim, lawful female human Valkyrie

              ---------
               ..((..(|
               .((....|
                .(...
               -fm$-
              #.@..|
              #|..$|
              #-----
             ##
              #
    ----------#
    |..<.....|#
    |........*#
    |........|#
    |..:......
    |........|
    ----------

FutureTim the Skirmisher    St:18 Dx:11 Co:18 In:9 Wi:11 Ch:8  Lawful
Dlvl:4  $:42 HP:0(52) Pw:11(11) AC:0  Xp:4 T:1034 

Latest messages:
 You kill the small mimic!
 Welcome to experience level 4.
 Your kitten eats a small mimic corpse.
 You see a tripe ration appear where your kitten was!
 That chest is a small mimic!
 The small mimic misses!
 You hit the small mimic!
 You miss the small mimic.
 You miss the small mimic.
 You hit the small mimic!
 You hit the small mimic!
 You miss the small mimic.
 You miss the small mimic.
 You miss the small mimic.
 The kitten picks up a gold piece.
 The small mimic hits!
 You miss the small mimic.
 You hit the small mimic!
 You miss the small mimic.
 The kitten drops a gold piece.
 You kill the small mimic!
 s - a silver dagger.
 Your kitten eats a small mimic corpse.
 You see a tripe ration appear where your kitten was!
 That chest is a giant mimic!
 The giant mimic hits!
 The giant mimic hits again!
 You hit the giant mimic.
 The giant mimic hits!
 The giant mimic misses!
 Are you sure you want to pray? [yn] (n) y
 You begin praying to Tyr.
 You are surrounded by a shimmering light.
 The giant mimic loosens its grip slightly.
 You finish your prayer.
 You feel that Tyr is well-pleased.
 You are surrounded by a golden glow.
 You cannot escape from the giant mimic!
 The giant mimic hits!
 The giant mimic hits again!
 You hit the giant mimic!
 You miss the giant mimic.
 You hit the giant mimic!
 The giant mimic hits!
 The giant mimic hits again!
 You miss the giant mimic.
 The giant mimic hits!
 You die...
 Do you want your possessions identified? [ynq] (y) y
 Do you want to see your attributes? [ynq] (y) q

Inventory:
 Coins    ('$')
  $ - 42 gold pieces
 Weapons  (')')
  b - a +0 dagger (alternate weapon; not wielded)
  s - a +1 silver dagger
  a - a +1 spear (weapon in right hand)
 Armor    ('[')
  p - an uncursed +0 orcish helm (being worn)
  c - an uncursed +3 small shield (being worn)
  i - an uncursed +0 chain mail (being worn)
 Comestibles  ('%')
  m - an uncursed slime mold
  d - an uncursed food ration
  n - an uncursed tripe ration
 Spellbooks  ('+')
  r - an uncursed spellbook of detect food
 Potions  ('!')
  q - an uncursed potion of oil
 Rings    ('=')
  g - an uncursed ring of shock resistance (on right hand)
 Tools    ('(')
  e - an uncursed oil lamp

FutureTim the Valkyrie's attributes:

Background:
 You were a Skirmisher, a level 4 human Valkyrie.
 You were lawful, on a mission for Tyr
 who was opposed by Odin (neutral) and Loki (chaotic).
 You were right-handed.
 You were in the Dungeons of Doom, on level 4.
 You entered the dungeon 1034 turns ago.
 You had 153 experience points, 7 more were needed to attain level 5.

Basics:
 You had 0 out of 52 hit points.
 You had all 11 energy points (spell power).
 Your armor class was 0.
 Your wallet contained 42 zorkmids.
 Autopickup was off.

Final Characteristics:
 Your strength was 18 (limit:18/100).
 Your dexterity was 11 (limit:18).
 Your constitution was 18 (limit:18).
 Your intelligence was 9 (limit:18).
 Your wisdom was 11 (limit:18).
 Your charisma was 8 (limit:18).

Final Status:
 You were held by a giant mimic (northeast).
 You weren't hungry.
 You were unencumbered.
 You were wielding a spear.
 You had basic skill with spear.

Final Attributes:
 You were devoutly aligned.
 You were cold resistant.
 You were shock resistant.
 Your items were protected from electric shocks.
 You were stealthy.
 You were warded.
 Your spell casting was impaired by metallic armor.
 You are dead.

Miscellaneous:
 You didn't encounter any bones levels.
 Total elapsed playing time was 8 minutes and 24 seconds.

Major events:
 Turn
    1: FutureTim the lawful human Valkyrie entered the dungeon
  998: attained the rank of Skirmisher (level 3)
 1034: killed by a giant mimic

Spells:
 Name                 Level Category     Fail Retention
 detect food            2   divination   100%  76%-100%

Skills:
 Fighting Skills
   bare handed combat [Unskilled]
   two weapon combat  [Unskilled]
   riding             [Unskilled]
 Weapon Skills
   dagger             [Basic]
   axe                [Unskilled]
   pick-axe           [Unskilled]
   short sword        [Unskilled]
   broadsword         [Unskilled]
   long sword         [Unskilled]
   two-handed sword   [Unskilled]
   saber              [Unskilled]
   hammer             [Unskilled]
   quarterstaff       [Unskilled]
   polearms           [Unskilled]
   spear              [Basic]
   trident            [Unskilled]
   lance              [Unskilled]
   sling              [Unskilled]
 Spellcasting Skills
   attack spells      [Unskilled]
   escape spells      [Unskilled]

Voluntary challenges:
 Character rerolling was not enabled.
 You never genocided any monsters.
 You never polymorphed an object.
 You never changed form.
 You used no wishes.
Achievement:
 You attained the rank of Skirmisher.

 The Dungeons of Doom: levels 1 to 4
    Level 1:
       A fountain, a sink.
    Level 2:
       A fountain.
    Level 3:
       A fountain.
    Level 4: <- You were here.
       Final resting place for
          you, killed by a giant mimic.


Vanquished creatures:
  a large mimic
  2 small mimics
  2 giant rats
  a yellow mold
  a gnome
  a gnome zombie
  a gecko
  a jackal
  a goblin
  a grid bug
  3 lichens
  2 newts
17 creatures vanquished.

No species were genocided or became extinct.

Game over:
                       ----------
                      /          \
                     /    REST    \
                    /      IN      \
                   /     PEACE      \
                  /                  \
                  |    FutureTim     |
                  |      42 Au       |
                  |   killed by a    |
                  |   giant mimic    |
                  |                  |
                  |                  |
                  |       2026       |
                 *|     *  *  *      | *
        _________)/\\_//(\/(/\)/\//\/|_)_______

Farvel FutureTim the Valkyrie...

You died in The Dungeons of Doom on dungeon level 4 with 894 points,
and 42 pieces of gold, after 1034 moves.
You were level 4 with a maximum of 52 hit points when you died.

